AoeStats
← Kallen

Arena

508543361Analyzed
1v1 RM · 10d ago on Sep 22, 2026· 46m 28s· 2 players
Game mode
Random Map
Map size
Tiny (2 player)
Population
200
Speed
Normal
Resources
Standard
Victory
Conquest
Starting age
Dark Age
Ending age
Imperial Age
RankedLock teamsTeams togetherTeam positionsShared explorationLock speedFull tech treeHidden civsTurbo modeCheats
Victory
Defeat
🇬🇧 Wu · United Kingdom
740
+25
🇧🇷 Turks · Brazil
694
-14
SuperDog
0:28 Loom
12:34 Feudal Age
14:00 Wheelbarrow
13:15 Double-Bit Axe
13:15 Horse Collar
20:09 Castle Age
18:40 Stone Mining
18:56 Gold Mining
19:48 Forging
20:21 Fletching
21:09 Hand Cart
22:26 Gold Shaft Mining
22:07 Heavy Plow
24:31 Bow Saw
24:33 Masonry
25:39 Murder Holes
27:12 Ballistics
33:04 Imperial Age
30:44 Scale Mail Armor
31:05 Husbandry
31:16 Bloodlines
31:42 Bloodlines
32:30 Fortified Wall
32:39 Scale Barding Armor
34:08 Iron Casting
34:54 Arrowslits
35:40 Architecture
35:27 Squires
36:25 Chain Barding Armor
36:33 Conscription
37:49 Plate Barding Armor
38:05 Treadmill Crane
40:18 Hoardings
42:53 Blast Furnace
41:48 Bodkin Arrow
42:32 Elite Janissary
Kallen
7:40 Loom
12:55 Feudal Age
13:28 Double-Bit Axe
13:25 Horse Collar
14:20 Gold Mining
16:31 Wheelbarrow
19:40 Castle Age
18:10 Stone Mining
19:08 Scale Mail Armor
19:18 Forging
18:59 Fletching
20:57 Arson
22:05 Gold Shaft Mining
21:43 Bow Saw
21:52 Town Watch
28:08 Iron Casting
30:42 Hand Cart
30:46 Bodkin Arrow
38:50 Imperial Age
37:06 Chain Mail Armor
39:07 Red Cliffs Tactics
39:54 Conscription
40:47 Conscription
42:28 Bracer
43:30 Blast Furnace
43:01 Plate Mail Armor
44:10 Chemistry
43:30 Ballistics
Connection lost

Rejoining the realm…

Still unreachable

The connection could not be restored.

Session expired

The server has moved on; the page needs a fresh start.